AoeStats
← 濕主請三濕

Oasis

509634600Analyzed
4v4 RM · 6d ago on Sep 27, 2026· 44m 49s· 8 players
Game mode
Random Map
Map size
Large (8 player)
Population
200
Speed
Normal
Resources
Standard
Victory
Conquest
Starting age
Dark Age
Ending age
Imperial Age
RankedLock teamsTeams togetherTeam positionsShared explorationLock speedFull tech treeHidden civsTurbo modeCheats
Victory
Defeat
🇫🇷 Franks · France
847
+14
🇹🇼 Danes · Taiwan
838
+15
🇦🇹 Hindustanis · Austria
833
+15
🇦🇹 Turks · Austria
826
+15
🇮🇳 Magyars · India
845
-17
🇹🇷 Spanish · Türkiye
800
-14
🇨🇳 Romans · China
798
-14
🇹🇼 Khmer · Taiwan
792
-14
UciKopti
5:07 Loom
20:41 Feudal Age
30:34 Double-Bit Axe
31:16 Horse Collar
35:43 Wheelbarrow
37:49 Castle Age
36:41 Forging
36:53 Scale Barding Armor
39:49 Iron Casting
39:36 Chain Barding Armor
39:24 Gold Mining
41:54 Husbandry
42:08 Bloodlines
42:11 Heavy Plow
42:28 Bow Saw
pektas6161
0:27 Loom
10:33 Feudal Age
11:37 Double-Bit Axe
13:02 Horse Collar
21:27 Castle Age
25:27 Padded Archer Armor
25:17 Fletching
26:10 Bow Saw
26:08 Heavy Plow
26:11 Gold Mining
30:37 Sipahi
32:03 Wheelbarrow
33:09 Padded Archer Armor
32:59 Fletching
36:57 Imperial Age
35:05 Gold Shaft Mining
35:52 Leather Archer Armor
35:33 Bodkin Arrow
35:43 Scale Barding Armor
36:17 Hand Cart
37:00 Sanctity
38:12 Ring Archer Armor
37:43 Bracer
38:08 Conscription
38:41 Parthian Tactics
39:33 Two-Man Saw
40:08 Chain Barding Armor
39:54 Heavy Cavalry Archer
41:23 Heated Shot
41:53 Ballistics
44:16 Bloodlines
Zbar
0:27 Loom
13:13 Feudal Age
14:01 Town Watch
19:08 Double-Bit Axe
21:17 Gold Mining
21:20 Stone Mining
25:30 Castle Age
24:40 Scale Barding Armor
24:46 Forging
27:08 Bow Saw
27:39 Husbandry
30:38 Gold Shaft Mining
31:56 Chain Barding Armor
32:19 Iron Casting
32:27 Wheelbarrow
35:40 Pikeman
36:20 Squires
36:05 Gambesons
36:06 Arson
36:24 Padded Archer Armor
37:12 Treadmill Crane
37:43 Masonry
40:52 Imperial Age
38:43 Hand Cart
39:46 Ballistics
41:35 Leather Archer Armor
41:12 Fletching
41:27 Murder Holes
41:43 Fortified Wall
42:05 Architecture
41:41 Siege Engineers
42:00 Conscription
41:43 Chivalry
42:22 Plate Barding Armor
42:52 Blast Furnace
41:40 Cavalier
43:20 Leather Archer Armor
43:02 Bodkin Arrow
43:09 Scale Mail Armor
ZIV_83tw
9:47 Feudal Age
16:48 Castle Age
14:34 Loom
16:54 Double-Bit Axe
16:51 Horse Collar
17:56 Bow Saw
18:09 Heavy Plow
21:01 Scale Mail Armor
27:17 Murder Holes
28:45 Arson
29:01 Squires
31:33 Forging
31:39 Chain Mail Armor
34:43 Iron Casting
35:38 Gold Mining
35:44 Stone Mining
36:54 Pikeman
41:03 Imperial Age
39:15 Wheelbarrow
40:36 Gold Shaft Mining
41:15 Halberdier
42:56 Blast Furnace
42:27 Plate Mail Armor
41:39 Capped Ram
42:53 Siege Ram
43:04 Elite Varangian Guard
TheLastKnight
10:53 Feudal Age
11:52 Double-Bit Axe
13:38 Horse Collar
21:50 Castle Age
20:04 Gold Mining
20:24 Stone Mining
20:44 Scale Barding Armor
25:12 Corvinian Army
25:28 Caravan
27:29 Heavy Plow
28:20 Bow Saw
33:15 Chain Barding Armor
37:39 Imperial Age
35:27 Scale Mail Armor
34:56 Pikeman
36:40 Fletching
37:06 Chain Mail Armor
37:28 Bodkin Arrow
38:53 Wheelbarrow
38:05 Town Watch
38:13 Halberdier
40:38 Husbandry
40:49 Bloodlines
41:18 Plate Barding Armor
40:44 Bracer
41:08 Conscription
44:07 Arson
YAMAHA
2:56 Loom
SUZUKI
1:12 Loom
12:32 Feudal Age
24:35 Castle Age
25:45 Castle Age
濕主請三濕
8:01 Loom
22:47 Feudal Age
Connection lost

Rejoining the realm…

Still unreachable

The connection could not be restored.

Session expired

The server has moved on; the page needs a fresh start.